 Dungeon Crawl Stone Soup version 0.22-a0-815-gb582571 (webtiles) character file.

192583 Amnesiac the Earth Mage (level 18, -17/118 HPs)
             Began as a Mummy Earth Elementalist on July 23, 2018.
             Was a High Priest of Vehumet.
             Shot with an arrow by a deep elf master archer (29 damage)
             ... on level 3 of the Elven Halls.
             The game lasted 01:34:12 (41899 turns).

Amnesiac the Earth Mage (Mummy Earth Elementalist) Turns: 41899, Time: 01:34:12

Health: -17/118    AC: 14    Str: 13    XL:     18   Next: 4%
Magic:  39/60      EV: 14    Int: 26    God:    Vehumet [*****.]
Gold:   2473       SH: 11    Dex: 15    Spells: 26/56 levels left

rFire    + . .     SeeInvis .   a - staff of conjuration
rCold    + + .     Gourm    .   B - +2 buckler
rNeg     + + +     Faith    .   K - +3 leather armour {rF+}
rPois    ∞         Spirit   .   A - +3 hat of Pondering {ponderous, MR+ MP+10 Int+5}
rElec    .         Reflect  +   s - scarf {rC+ rF+}
rCorr    .         Harm     .   C - +1 pair of gloves
MR       +++..                  y - +2 pair of boots
Stlth    ++........             w - +4 amulet of reflection
HPRegen  0.29/turn              H - ring of magical power
MPRegen  0.37/turn              E - +3 ring of dexterity

@: about to teleport, slightly contaminated, slow
A: no food or potions, fire vulnerability, cold resistance 1, negative energy
resistance 3, torment resistance, unbreathing, in touch with death 1
a: Renounce Religion


You were on level 3 of the Elven Halls.
You worshipped Vehumet.
Vehumet was extremely pleased with you.
You were not hungry.

You visited 5 branches of the dungeon, and saw 27 of its levels.
You also visited: Ice Cave.

You collected 2567 gold pieces.
You spent 94 gold pieces at shops.

Inventory:

Hand Weapons
 b - the +4 hand axe of the Little People {elec, rElec}
   (You found it on level 3 of the Lair of Beasts)

   Occasionally, upon striking a foe, it will discharge some electrical energy
   and cause terrible harm.
   It insulates you from electricity.
Missiles
 o - 741 stones (quivered)
Armour
 s - a scarf of resistance (worn)
 y - a +2 pair of boots (worn)
 A - the +3 hat of Pondering (worn) {ponderous, MR+ MP+10 Int+5}
   (You found it in an ice cave)

   It affects your intelligence (+5).
   It affects your resistance to hostile enchantments.
   It affects your magic capacity (+10).
 B - a +2 buckler (worn)
 C - a +1 pair of gloves (worn)
 K - a +3 leather armour of fire resistance (worn)
Magical Staves
 a - an uncursed staff of conjuration (weapon)
 G - an uncursed staff of wizardry
Jewellery
 w - a +4 amulet of reflection (around neck)
 E - a +3 ring of dexterity (right hand)
 H - a ring of magical power (left hand)
Wands
 d - a wand of iceblast (50)
 f - a wand of flame (107)
 j - a wand of disintegration (1)
 n - a wand of scattershot (4)
 r - a wand of paralysis (13)
 u - a wand of acid (17)
 I - a wand of polymorph (3)
Scrolls
 c - 3 scrolls of noise {!r}
 e - 6 scrolls of identify {!r}
 g - 7 scrolls of enchant armour {!r}
 h - 7 scrolls of magic mapping {!r}
 i - 13 scrolls of teleportation {!r}
 k - 3 scrolls of summoning {!r}
 l - 3 scrolls of fear {!r}
 m - 11 scrolls of remove curse {!r}
 p - 2 scrolls of enchant weapon {!r}
 t - a scroll of brand weapon {!r}
 v - 2 scrolls of fog {!r}
 x - 9 scrolls of amnesia {!r}
 z - 3 scrolls of silence {!r}
 D - a scroll of acquirement {!r}
 F - 2 scrolls of vulnerability {!r}
Miscellaneous
 q - a phantom mirror
 J - a sack of spiders


   Skills:
 - Level 4.0 Fighting
 - Level 4.2 Staves
 - Level 4.0 Dodging
 - Level 1.5 Stealth
 - Level 4.0 Shields
 + Level 19.9 Spellcasting
 - Level 4.1 Conjurations
 - Level 4.0 Transmutations
 * Level 19.9 Earth Magic
 - Level 4.0 Evocations


You had 26 spell levels left.
You knew the following spells:

 Your Spells              Type           Power        Failure   Level  Hunger
a - Iron Shot             Conj/Erth      #######...   1%          6    N/A
b - Passwall              Tmut/Erth      ######..     1%          2    N/A
c - Sandblast             Erth           ######       0%          1    N/A
d - Lee's Rapid Deconstr  Erth           #######...   0%          5    N/A
e - Petrify               Tmut/Erth      ######..     1%          4    N/A
f - Leda's Liquefaction   Hex/Erth       ######....   1%          4    N/A
g - Stone Arrow           Conj/Erth      ######       1%          3    N/A
w - Irradiate             Conj/Tmut      ######....   3%          5    N/A

Your spell library contained the following spells:

 Spells                   Type           Power        Failure   Level  Hunger
 Cause Fear               Hex            ####......   22%         4    N/A
 Conjure Flame            Conj/Fire      ######..     1%          3    N/A
 Bolt of Cold             Conj/Ice       ######....   32%         6    N/A
 Bolt of Magma            Conj/Fire/Erth #######...   1%          5    N/A
 Slow                     Hex            ####....     3%          2    N/A
 Freezing Cloud           Conj/Ice/Air   #####.....   41%         6    N/A
 Mephitic Cloud           Conj/Pois/Air  #####...     1%          3    N/A
 Ring of Flames           Chrm/Fire      ####......   100%        7    N/A
 Venom Bolt               Conj/Pois      ######....   7%          5    N/A
 Teleport Other           Tloc           ####....     6%          3    N/A
 Ozocubu's Refrigeration  Ice            ####......   58%         6    N/A
 Sticky Flame             Conj/Fire      ######..     2%          4    N/A
 Regeneration             Chrm/Necr      #####.....   6%          3    N/A
 Ice Form                 Ice/Tmut       #####...     10%         4    N/A
 Throw Icicle             Conj/Ice       ######..     2%          4    N/A
 Metabolic Englaciation   Hex/Ice        ####......   52%         5    N/A
 Corona                   Hex            ####...      2%          1    N/A
 Simulacrum               Ice/Necr       #####.....   97%         6    N/A
 Portal Projectile        Hex/Tloc       ####..       6%          3    N/A
 Orb of Destruction       Conj           ######....   58%         7    N/A
 Shroud of Golubria       Chrm/Tloc      ####......   3%          2    N/A
 Inner Flame              Hex/Fire       ####....     1%          3    N/A
 Iskenderun's Battlesphe  Conj/Chrm      ######..     7%          5    N/A
 Infusion                 Chrm           ####         2%          1    N/A
 Song of Slaying          Chrm           ####....     3%          2    N/A
 Spectral Weapon          Hex/Chrm       ####....     6%          3    N/A
 Spellforged Servitor     Conj/Summ      ######....   86%         7    N/A
 Poisonous Vapours        Pois/Air       ####..       3%          2    N/A

Dungeon Overview and Level Annotations

Branches:
Dungeon (15/15)            Temple (1/1) D:7            Lair (6/6) D:8
 Shoals (0/4) Lair:3        Snake (0/4) Lair:2        Slime (0/5) Lair:6
    Orc (2/2) D:11            Elf (3/3) Orc:2        Vaults (0/5) D:14
 Depths (0/5) D:15

Altars:
Ashenzari
Cheibriados
Dithmenos
Elyvilon
Fedhas
Gozag
Hepliaklqana
Kikubaaqudgha
Makhleb
Nemelex Xobeh
Okawaru
Qazlal
Ru
Sif Muna
Trog
Uskayaw
Vehumet
Wu Jian
Xom
Yredelemnul
Zin
The Shining One
Beogh
Jiyva

Shops:
D:7 [   Orc:2 (=!*

Portals:
Trove: D:10 (give +6 demon trident)


Innate Abilities, Weirdness & Mutations

You do not eat or drink.
Your flesh is vulnerable to fire.
You are immune to poison.
Your flesh is cold resistant. (rC+)
You are immune to negative energy. (rN+++)
You are immune to unholy pain and torment.
You can survive without breathing.
You are in touch with the powers of death.


Message History

The deep elf demonologist twists and deforms.
You are very lightly contaminated with residual magic.
You hear a shout! x5; You hear a hideous shriek!
You block the Executioner's attack. x2; The Executioner barely misses you.
The deep elf master archer shoots an arrow.
The arrow hits you!!
* * * LOW HITPOINT WARNING * * *
The Executioner barely misses you. You block the Executioner's attack. x2
A deep elf master archer comes into view.
The deep elf death mage misses you.
A deep elf annihilator comes into view. It is wielding a short sword.
Okay, then.
Casting: Irradiate (safe; 3% risk of failure)
Confirm with . or Enter, or press ? or * to list all spells.
You feel a surge of power!
You erupt in a fountain of uncontrolled magic!
The Executioner is blasted with magical radiation!
You kill the Executioner!
Vehumet accepts your kill.
You feel your power returning.
Reactivating autopickup.
You feel a bit more experienced.
The deep elf death mage is blasted with magical radiation!
The deep elf death mage is severely wounded.
The deep elf death mage twists and deforms.
The deep elf demonologist is blasted with magical radiation!
The deep elf demonologist is almost dead.
The deep elf demonologist twists and deforms.
The cacodemon is blasted with magical radiation!
The cacodemon is moderately wounded.
The cacodemon twists and deforms.
You hear a shout! x2
The deep elf death mage hits you but does no damage.
The deep elf master archer wields a longbow.
The deep elf master archer shoots an arrow.
The arrow hits you!!
* * * LOW HITPOINT WARNING * * *
The deep elf annihilator gestures wildly while chanting.
The deep elf annihilator blinks!
A deep elf annihilator comes into view. It is wielding a long sword.
You block the cacodemon's attack. The cacodemon hits you!
* * * LOW HITPOINT WARNING * * *
Unknown command.
Unknown command.
Casting: Irradiate (safe; 3% risk of failure)
Confirm with . or Enter, or press ? or * to list all spells.
You feel a surge of power!
You erupt in a fountain of uncontrolled magic!
The deep elf death mage is blasted with magical radiation!
You kill the deep elf death mage!
Vehumet accepts your kill.
You feel your power returning.
The deep elf demonologist is blasted with magical radiation!
You kill the deep elf demonologist!
Vehumet accepts your kill.
You feel your power returning.
The cacodemon is blasted with magical radiation!
The cacodemon is severely wounded.
The cacodemon twists and deforms.
You are lightly contaminated with residual magic.
You hear a shout!
The deep elf master archer shoots an arrow.
The arrow hits you!!
You die...

#..#...# #........... #..#...#
.... §....##...(.1.....
#..#'####....###..ee##.....).....
#..#...##.....#.....##!..........
#..#...##.......e...##...........
#..'...# ........e...###...e...##
#..#...# #.....ee.....##.)...##
#..#...# #....2)e.....###e###
#..#...# #..@)e..... .)) #..#'###
##..)...... .(... #..#...#
#........e ...... #..#...#
#....#.... ...... #..#...# #...##
##e....... '..#...# #....
'..#...# #..... #..#...# #......
#..#...# #.......


You could see a cacodemon, 2 deep elf master archers, 3 deep elf annihilators, a
deep elf sorcerer, a deep elf elementalist, a deep elf demonologist, a deep elf
archer and a deep elf mage.

Vanquished Creatures
  Jorgrun (Elf:3)
  Rupert (D:15)
  Frances (Elf:1)
  A tengu reaver (D:15)
  Agnes (D:15)
  Kirke (Lair:4)
  An orc warlord (Orc:2)
  A frost giant (D:15)
  3 fire giants (D:15)
  3 deep elf demonologists
  Nessos (D:15)
  Azrael (D:12)
  2 deep elf death magi
  Snorg (Lair:6)
  A fire dragon (D:15)
  Josephine (D:12)
  Harold (D:11)
  9 hydras
  3 yaktaur captains (D:15)
  3 deep elf high priests (Elf:3)
  An ice dragon (shapeshifter) (Elf:3)
  2 rakshasas (D:15)
  6 catoblepae
  3 centaur warriors
  9 two-headed ogres
  36 dancing weapons
  3 tengu warriors
  3 death yaks
  The ghost of Isoivuar the Slicer, a novice DsFi of Uskayaw (Lair:1)
  6 orc high priests
  16 deep elf knights
  Urug (D:12)
  A hell knight (D:15)
  2 fire crabs (Lair:6)
  5 unseen horrors
  The ghost of Nib the Slinger, a novice HaHu (D:7)
  A skeletal warrior (D:15)
  2 wizards (D:15)
  Pikel (D:5)
  4 lindwurms (Lair:2)
  11 deep elf archers
  A wolf spider (D:15)
  A necromancer (IceCv)
  5 orc knights
  11 ugly things
  5 orc sorcerers
  A wolf spider (shapeshifter) (D:15)
  4 manticores
  A cyclops (D:15)
  53 deep elf magi
  3 elephants (Lair:6)
  2 black mambas
  A guardian serpent (Lair:2)
  5 centaur zombies
  Maurice (D:8)
  An ice statue (IceCv)
  Joseph (D:7)
  Psyche (D:11)
  24 spiny frogs
  2 centaur skeletons (D:15)
  A kobold demonologist (D:7)
  10 komodo dragons
  3 rime drakes
  11 freezing wraiths
  3 tyrant leeches (Lair:6)
  4 tengu conjurers
  2 polar bears (Lair:6)
  A slime creature (D:15)
  3 hornets
  6 trolls
  24 blink frogs
  14 hippogriffs
  An air elemental (Elf:1)
  2 shadows (D:15)
  2 water elementals
  3 vampires
  8 wraiths
  8 fire elementals
  72 yaks
  A wyvern (Lair:4)
  10 hogs
  A human (D:7)
  12 vampire mosquitoes
  5 hungry ghosts
  Grum (D:11)
  3 basilisks
  A death yak simulacrum (IceCv)
  A soldier ant (D:13)
  2 acid dragons (D:15)
  2 soldier ants (shapeshifter)
  12 water moccasins
  3 wargs (Orc:2)
  7 porcupines
  3 hell hounds
  Duvessa (D:7)
  43 orc warriors
  20 ice beasts
  6 sky beasts
  6 black bears
  7 necrophages
  3 phantoms
  An alligator simulacrum (IceCv)
  17 wolves
  5 centaurs
  12 ogres
  9 crocodiles
  12 big kobolds
  36 bullfrogs
  A wyvern zombie (D:10)
  2 earth elementals
  Dowan (D:7)
  2 wyvern skeletons
  4 scorpions
  A troll zombie (D:11)
  2 electric eels (Lair:6)
  3 howler monkeys
  5 crimson imps
  A bullfrog zombie (D:10)
  2 quasits
  3 draconian simulacra (IceCv)
  8 jellies
  28 orc priests
  Crazy Yiuf (D:5)
  5 hounds
  26 orc wizards
  4 iguanas
  9 worker ants
  4 spriggan simulacra (IceCv)
  Ijyb (D:5)
  A polar bear simulacrum (IceCv)
  5 troll simulacra (IceCv)
  A wolf simulacrum (IceCv)
  3 centaur simulacra
  5 ogre zombies (D:11)
  A hound zombie (D:10)
  A worker ant zombie (D:7)
  6 naga simulacra (IceCv)
  6 adders
  2 gnolls (D:4)
  An ogre simulacrum (IceCv)
  5 shadow imps
  12 white imps (IceCv)
  An ooze (D:1)
  2 adder zombies
  2 adder skeletons
  3 worms
  4 leopard geckos
  95 orcs
  A ball python (D:4)
  3 giant cockroaches
  9 goblins
  12 hobgoblins
  6 quokkas
  3 bats
  4 frilled lizards
  2 goblin skeletons (D:11)
  4 goblin zombies (D:11)
  A hobgoblin skeleton (D:11)
  3 hobgoblin zombies (D:11)
  18 kobolds
  A leopard gecko zombie (D:7)
  4 orc skeletons (D:11)
  5 orc zombies (D:11)
  7 rats
  3 fungi
  3 plants
1053 creatures vanquished.

Vanquished Creatures (others)
  A deep elf archer (Elf:1)
  A water elemental (Elf:1)
  A bush (Lair:6)
  18 fungi
  62 plants
  2 withered plants (Lair:1)
85 creatures vanquished.

Grand Total: 1138 creatures vanquished

Notes
Turn   | Place    | Note
-------+----------+-------------------------------------------
     0 | D:1      | Amnesiac the Mummy Earth Elementalist began the quest for the Orb.
     0 | D:1      | Reached XP level 1. HP: 13/13 MP: 4/4
   308 | D:3      | Noticed a hound
   315 | D:3      | Killed a hound
   315 | D:3      | Reached XP level 2. HP: 18/19 MP: 0/6
   315 | D:3      | Reached XP level 3. HP: 23/24 MP: 0/7
   319 | D:3      | Learned a level 2 spell: Passwall
   330 | D:3      | Found a burning altar of Makhleb.
   330 | D:3      | Noticed a green death
   641 | D:4      | Learned a level 3 spell: Stone Arrow
   683 | D:4      | Noticed an ogre
   696 | D:4      | Reached XP level 4. HP: 30/30 MP: 2/9
   754 | D:4      | Noticed an ogre
   764 | D:4      | Killed an ogre
   764 | D:4      | Reached XP level 5. HP: 35/35 MP: 5/11
   816 | D:4      | Killed an ogre
   936 | D:4      | Learned a level 4 spell: Petrify
  1270 | D:4      | Reached XP level 6. HP: 41/41 MP: 6/13
  1493 | D:4      | Reached skill level 5 in Spellcasting
  1493 | D:4      | Reached skill level 5 in Earth Magic
  1528 | D:4      | Learned a level 5 spell: Lee's Rapid Deconstruction
  1612 | D:5      | Entered Level 5 of the Dungeon
  1683 | D:5      | Noticed an ice beast
  1711 | D:5      | Killed an ice beast
  1715 | D:5      | Got a fine dagger
  1716 | D:5      | Identified the +7 dagger "Miwnuir" {antimagic, rN+ MR+ Dex+3} (You found it on level 5 of the Dungeon)
  1915 | D:5      | Noticed a sky beast
  1939 | D:5      | Killed a sky beast
  1939 | D:5      | Reached XP level 7. HP: 46/46 MP: 0/15
  2076 | D:5      | Noticed Ijyb
  2104 | D:5      | Killed Ijyb
  3092 | D:5      | Noticed Pikel
  3139 | D:5      | Killed Pikel
  3139 | D:5      | Reached XP level 8. HP: 32/52 MP: 0/19
  3472 | D:5      | Found a runed door.
  3612 | D:5      | Noticed Crazy Yiuf
  3615 | D:5      | Killed Crazy Yiuf
  3708 | D:6      | Found an iron altar of Okawaru.
  4194 | D:6      | Found an ornate altar of the Wu Jian Council.
  4278 | D:6      | Reached XP level 9. HP: 57/57 MP: 8/21
  4747 | D:7      | Noticed Duvessa
  4749 | D:7      | Killed Duvessa
  4875 | D:7      | Noticed Dowan
  4878 | D:7      | Killed Dowan
  5020 | D:7      | Found a white marble altar of Elyvilon.
  5022 | D:7      | Reached skill level 10 in Spellcasting
  5080 | D:7      | Reached skill level 10 in Earth Magic
  5143 | D:7      | Found a glowing silver altar of Zin.
  5202 | D:7      | Found a deep blue altar of Sif Muna.
  5261 | D:7      | Found Ysum's Armour Boutique.
  5264 | D:7      | Bought a +0 helmet for 54 gold pieces
  5518 | D:7      | Noticed Joseph
  5546 | D:7      | Killed Joseph
  5546 | D:7      | Reached skill level 1 in Transmutations
  5546 | D:7      | Reached XP level 10. HP: 63/64 MP: 0/24
  5670 | D:7      | Reached skill level 1 in Fighting
  5683 | D:7      | Reached skill level 1 in Evocations
  5954 | D:7      | Found a runed gate.
  5954 | D:7      | Found a runed gate.
  5956 | D:7      | Found a runed gate.
  5960 | D:7      | Noticed Nib's ghost (novice HaHu)
  6047 | D:7      | Found a staircase to the Ecumenical Temple.
  6146 | D:7      | Reached skill level 1 in Conjurations
  6194 | D:7      | Reached skill level 1 in Staves
  6625 | D:7      | Killed Nib's ghost
  7178 | Temple   | Entered the Ecumenical Temple
  7226 | Temple   | Became a worshipper of Vehumet
  7703 | D:2      | Found a hazy altar of Hepliaklqana.
  7934 | D:1      | Reached * piety under Vehumet
  7934 | D:1      | Offered knowledge of Freeze by Vehumet.
  8303 | D:2      | Found a burning altar of Makhleb.
  8303 | D:2      | Found a faded altar of an unknown god.
  8308 | D:2      | Found an opulent altar of Gozag.
  8310 | D:2      | Found a stormy altar of Qazlal.
  8313 | D:2      | Found a faded altar of an unknown god.
  9411 | D:8      | Found a staircase to the Lair.
  9605 | D:8      | Noticed Maurice
  9729 | D:8      | Killed Maurice
  9857 | D:8      | Offered knowledge of Flame Tongue by Vehumet.
  9953 | D:8      | Reached ** piety under Vehumet
 10711 | Lair:1   | Entered Level 1 of the Lair of Beasts
 10787 | Lair:1   | Reached XP level 11. HP: 75/75 MP: 6/25
 11032 | Lair:1   | Noticed a six-headed hydra
 11036 | Lair:1   | Killed a six-headed hydra
 11467 | Lair:1   | Found a runed door.
 11467 | Lair:1   | Noticed Isoivuar's ghost (novice DsFi)
 11752 | Lair:1   | Offered knowledge of Dazzling Spray by Vehumet.
 12037 | Lair:1   | Killed Isoivuar's ghost
 12297 | Lair:2   | Found a frozen archway.
 12454 | IceCv    | Identified a paperback manual
 12454 | IceCv    | Entered an ice cave
 12483 | IceCv    | Reached *** piety under Vehumet
 13282 | IceCv    | Reached XP level 12. HP: 61/83 MP: 6/27
 13528 | IceCv    | HP: 1/83 [freezing wraith (5)]
 13974 | IceCv    | Found an ancient bone altar of Kikubaaqudgha.
 13976 | IceCv    | Offered knowledge of Conjure Flame by Vehumet.
 14534 | IceCv    | Found the +3 hat of Pondering {ponderous, MR+ MP+10 Int+5}
 14611 | IceCv    | Reached **** piety under Vehumet
 15332 | Lair:2   | Found a staircase to the Snake Pit.
 15877 | Lair:3   | Noticed a death yak
 15881 | Lair:3   | Noticed a death yak
 15881 | Lair:3   | Noticed a death yak
 15898 | Lair:3   | Killed a death yak
 16109 | Lair:3   | Killed a death yak
 16268 | Lair:3   | Offered knowledge of Bolt of Magma by Vehumet.
 16549 | Lair:3   | Found a staircase to the Shoals.
 16730 | Lair:3   | Got a faintly glowing hand axe
 17018 | Lair:4   | Noticed a five-headed hydra
 17021 | Lair:4   | Killed a five-headed hydra
 17021 | Lair:4   | Reached skill level 1 in Shields
 17154 | Lair:4   | Noticed a catoblepas
 17154 | Lair:4   | Noticed a catoblepas
 17173 | Lair:4   | Gained mutation: You are in touch with the powers of death. [Mummy growth]
 17173 | Lair:4   | Reached XP level 13. HP: 88/88 MP: 25/29
 18781 | Lair:6   | Entered Level 6 of the Lair of Beasts
 18781 | Lair:6   | Noticed Snorg
 18788 | Lair:6   | Killed Snorg
 18917 | Lair:5   | Reached ***** piety under Vehumet
 18918 | Lair:5   | Offered knowledge of Irradiate by Vehumet.
 18925 | Lair:5   | Learned a level 5 spell: Irradiate
 19219 | Lair:5   | Identified the +4 hand axe of the Little People {elec, rElec} (You found it on level 3 of the Lair of Beasts)
 20023 | Lair:6   | Reached XP level 14. HP: 95/95 MP: 6/32
 21194 | Lair:6   | Found a viscous altar of Jiyva.
 21194 | Lair:6   | Found a staircase to the Slime Pits.
 21336 | Lair:6   | Offered knowledge of Freezing Cloud by Vehumet.
 21461 | Lair:6   | Got an ichor-stained trident
 22608 | Lair:4   | Noticed Kirke
 22613 | Lair:4   | Reached skill level 15 in Spellcasting
 22613 | Lair:4   | Reached skill level 15 in Earth Magic
 22620 | Lair:4   | Killed Kirke
 23665 | D:10     | Entered Level 10 of the Dungeon
 24394 | D:10     | Found a portal to a secret trove of treasure.
 24557 | D:10     | Identified the +4 trident of Reirus {pierce, rPois} (You found it on level 6 of the Lair of Beasts)
 24793 | D:11     | Found a staircase to the Orcish Mines.
 25015 | D:11     | Noticed Grum
 25018 | D:11     | Killed Grum
 25088 | D:11     | Noticed Psyche
 25090 | D:11     | Killed Psyche
 25262 | D:11     | Noticed Harold
 25277 | D:11     | Killed Harold
 25633 | D:11     | Offered knowledge of Lightning Bolt by Vehumet.
 25948 | D:11     | Found a white marble altar of Elyvilon.
 26642 | Orc:1    | Entered Level 1 of the Orcish Mines
 27012 | Orc:2    | Entered Level 2 of the Orcish Mines
 27968 | Orc:2    | Reached XP level 15. HP: 100/100 MP: 34/34
 28045 | Orc:2    | Offered knowledge of Bolt of Fire by Vehumet.
 28176 | Orc:2    | Identified a scroll of acquirement {!r}
 28491 | Orc:2    | Noticed an orc warlord
 28529 | Orc:2    | Killed an orc warlord
 28845 | Orc:2    | Found a roughly hewn altar of Beogh.
 29455 | Orc:2    | Found Effenlya's Weapon Boutique.
 29537 | Orc:2    | Found Deuthrext's Jewellery Shoppe.
 29655 | Orc:2    | Found a roughly hewn altar of Beogh.
 29802 | Orc:2    | Found Rock's Assorted Antiques.
 29840 | Orc:2    | Bought a scroll labeled LIG HIMALAOSA for 40 gold pieces
 29850 | Orc:2    | Found Edidghua's Distillery.
 29903 | Orc:2    | Reached ****** piety under Vehumet
 30398 | Orc:2    | Found a staircase to the Elven Halls.
 30632 | D:12     | Offered knowledge of Poison Arrow by Vehumet.
 30797 | D:12     | Noticed Azrael
 30839 | D:12     | Killed Azrael
 31100 | D:12     | Noticed Urug
 31113 | D:12     | Killed Urug
 31140 | D:12     | Noticed Josephine
 31147 | D:12     | Killed Josephine
 32680 | D:13     | Learned a level 4 spell: Leda's Liquefaction
 32737 | D:14     | Found a shadowy altar of Dithmenos.
 33195 | D:14     | Found a gate to the Vaults.
 33739 | D:14     | Found a deep blue altar of Sif Muna.
 33821 | D:15     | Entered Level 15 of the Dungeon
 33891 | D:15     | Offered knowledge of Conjure Ball Lightning by Vehumet.
 33909 | D:15     | Noticed Agnes
 33913 | D:15     | Killed Agnes
 34079 | D:15     | Noticed a fire giant
 34090 | D:15     | Killed a fire giant
 34324 | D:15     | Found a shimmering altar of Xom.
 34325 | D:15     | Found a stormy altar of Qazlal.
 34325 | D:15     | Found an ornate altar of the Wu Jian Council.
 34406 | D:15     | Noticed Rupert
 34936 | D:15     | Reached XP level 16. HP: 106/106 MP: 37/37
 35040 | D:15     | Noticed Nessos
 35046 | D:15     | Killed Nessos
 35704 | D:15     | Killed Rupert
 36158 | D:15     | Noticed a tengu reaver
 36174 | D:15     | Killed a tengu reaver
 37321 | D:15     | Offered knowledge of Iron Shot by Vehumet.
 37341 | D:15     | Learned a level 6 spell: Iron Shot
 37479 | D:15     | Found the +7 captain's cutlass {speed, disarm}
 37480 | D:15     | Identified the Handbook of a Thousand Runes
 37597 | D:15     | Found a staircase to the Depths.
 37788 | Elf:1    | Entered Level 1 of the Elven Halls
 38273 | Elf:1    | Noticed Frances
 38297 | Elf:1    | Killed Frances
 38297 | Elf:1    | Reached XP level 17. HP: 76/111 MP: 9/39
 40195 | Elf:2    | Found a runed gate.
 40195 | Elf:2    | Found a runed gate.
 40195 | Elf:2    | Found a runed gate.
 40570 | Elf:2    | Offered knowledge of Chain Lightning by Vehumet.
 40570 | Elf:2    | Offered knowledge of Tornado by Vehumet.
 40570 | Elf:2    | Offered knowledge of Ignition by Vehumet.
 41237 | Elf:3    | Entered Level 3 of the Elven Halls
 41472 | Elf:3    | Noticed Jorgrun
 41481 | Elf:3    | Killed Jorgrun
 41888 | Elf:3    | Noticed a deep elf blademaster
 41892 | Elf:3    | Reached XP level 18. HP: 97/118 MP: 41/41
 41899 | Elf:3    | Shot with an arrow by a deep elf master archer

Vault maps used:
D:1:      mrwooster_arrival_statue_2
D:2:      cheibrodos_greedy_goblins, chequers_temple_overflow_minitemple,
          old_standard_altar, minmay_misc_feat_hallway
D:3:      makhleb_altar_promises_db
D:4:      first_ration
D:5:      uniq_crazy_yiuf_cottage, uniq_pikel, uniq_ijyb
D:6:      nicolae_overflow_crystal_walls, old_standard_altar
D:7:      lemuel_coloured_pillars_altar,
          chequers_temple_overflow_statue_of_worship, temple_doors_ab,
          serial_shops, kennysheep_mini, gammafunk_ghost_nasty_kobolds,
          grunt_livestock, uniq_joseph, uniq_duvessa
D:8:      minmay_lair_entry_lava, uniq_maurice
D:10:     nicolae_trove_entry_free_sample, serial_bayou_pond_d, minmay_orc_keep
D:11:     zombieorc1_lemuel, statue_in_the_mist_lemuel, elyvilon_altar_5,
          uniq_harold, uniq_grum, uniq_psyche
D:12:     uniq_josephine, uniq_urug, uniq_azrael
D:13:     st_stairs_8
D:14:     erik_vaults_1, basic_altar, lemuel_blue_sif_altar
D:15:     hangedman_slaughterboxes, serial_shops, uniq_nessos, uniq_agnes,
          uniq_rupert
Temple:   cyrus_circular_temple
Lair:1:   gammafunk_ghost_grave
Lair:2:   minmay_snake_entry_spellcaster, portal_ice_cave_entry_ice_beasts,
          minmay_lindwurm_lava, grunt_megastairs_5
Lair:3:   minmay_shoals_entry_centaurs, roderic_carrion_pond
Lair:4:   nzn_motion_control, uniq_kirke
Lair:6:   minmay_lair_end_frog_pond, slime_altar_1, st_stairs_8, uniq_snorg
Orc:2:    pubby_orc_utopia
Elf:1:    eino_elf_arrival_shootout, evilmike_minifort, uniq_frances
Elf:3:    minmay_elf_hall_hex, minivault_4, minivault_11, minmay_elf_necromancy,
          uniq_jorgrun, uniq_aizul
IceCv:    ice_cave_small_necro

Skill      XL: |  1  2  3  4  5  6  7  8  9 10 11 12 13 14 15 16 17 |
---------------+----------------------------------------------------+-----
Spellcasting   | 3 4 5 7 8 10 11 12 14 15 17 18 19 | 19.9
Earth Magic    | 3 4 5 7 8 10 11 12 14 15 17 18 19 | 19.9
Transmutations | 1 3 4 |  4.0
Fighting       | 3 4 |  4.0
Evocations     | 2 4 |  4.0
Dodging        | 3 4 |  4.0
Conjurations   | 2 4 |  4.1
Staves         | 2 4 |  4.2
Shields        | 1 4 |  4.0
Stealth        | |  1.5

Action                   |  1- 3 |  4- 6 |  7- 9 | 10-12 | 13-15 | 16-18 || total
-------------------------+-------+-------+-------+-------+-------+-------++-------
Melee: Short sword       |     8 |     4 |       |       |       |       ||    12
       Dagger            |       |     6 |    17 |       |       |       ||    23
       Mace              |       |       |    22 |    10 |       |       ||    32
       Staff             |       |       |       |    82 |    57 |     2 ||   141
       Hand axe          |       |       |       |       |       |     3 ||     3
Throw: Stone             |       |       |       |       |     1 |       ||     1
 Cast: Sandblast         |    25 |    22 |     8 |    26 |    23 |       ||   104
       Stone Arrow       |       |    13 |    45 |   169 |   414 |    27 ||   668
       Lee's Rapid Decon |       |     1 |    25 |   191 |   471 |   240 ||   928
       Passwall          |       |       |     2 |     2 |     2 |     1 ||     7
       Petrify           |       |       |       |     6 |    13 |     7 ||    26
       Irradiate         |       |       |       |       |    10 |    31 ||    41
       Iron Shot         |       |       |       |       |       |    84 ||    84
Evoke: Wand              |       |       |     4 |    33 |     5 |       ||    42
  Use: Scroll            |     1 |       |     5 |     8 |     7 |     8 ||    29
 Stab: Sleeping          |       |       |     3 |       |       |       ||     3
Armor: Robe              |     8 |       |    13 |       |     4 |       ||    25
       Ring mail         |       |       |     3 |   105 |   141 |       ||   249
       Leather armour    |       |       |       |       |     9 |    38 ||    47
Dodge: Dodged            |    15 |    11 |    41 |   181 |   157 |    65 ||   470
Block: Shield            |       |       |       |       |    83 |       ||    83
       Buckler           |       |       |       |       |    98 |    46 ||   144
       Reflection        |       |       |       |       |    14 |     9 ||    23

Table legend:
 A = Spawn XP
 B = Non-spawn XP
 C = Spawn XP percentage of total XP
 D = Spawn monster count
 E = Non-spawn monster count
 F = Spawn count percentage of total count
 G = Total turns spent on level
                    A         B        C        D         E        F      G
               +---------+---------+-------+---------+---------+-------+---------
         Total |       0 |  293959 |   0.0 |       0 |    1048 |   0.0 | 41899
               +---------+---------+-------+---------+---------+-------+---------
           D:1 |       0 |      23 |   0.0 |       0 |      13 |   0.0 |   458
           D:2 |       0 |      34 |   0.0 |       0 |      18 |   0.0 |   824
           D:3 |       0 |     167 |   0.0 |       0 |      27 |   0.0 |  1124
           D:4 |       0 |     499 |   0.0 |       0 |      13 |   0.0 |  1409
           D:5 |       0 |    1554 |   0.0 |       0 |      24 |   0.0 |  1964
           D:6 |       0 |     748 |   0.0 |       0 |      14 |   0.0 |   893
           D:7 |       0 |    5847 |   0.0 |       0 |      41 |   0.0 |  2823
           D:8 |       0 |    1438 |   0.0 |       0 |      22 |   0.0 |  1302
           D:9 |       0 |    1331 |   0.0 |       0 |      24 |   0.0 |   809
          D:10 |       0 |    3257 |   0.0 |       0 |      30 |   0.0 |   945
          D:11 |       0 |    9038 |   0.0 |       0 |      64 |   0.0 |  2101
          D:12 |       0 |    7217 |   0.0 |       0 |      36 |   0.0 |  1202
          D:13 |       0 |    7049 |   0.0 |       0 |      31 |   0.0 |   949
          D:14 |       0 |    7290 |   0.0 |       0 |      25 |   0.0 |  1461
          D:15 |       0 |   56360 |   0.0 |       0 |      90 |   0.0 |  3465
        Lair:1 |       0 |    6520 |   0.0 |       0 |      28 |   0.0 |  1325
        Lair:2 |       0 |    6215 |   0.0 |       0 |      22 |   0.0 |  1418
        Lair:3 |       0 |    6507 |   0.0 |       0 |      31 |   0.0 |  1654
        Lair:4 |       0 |   16611 |   0.0 |       0 |      47 |   0.0 |  1337
        Lair:5 |       0 |    6275 |   0.0 |       0 |      23 |   0.0 |  2382
        Lair:6 |       0 |   24759 |   0.0 |       0 |      92 |   0.0 |  1532
         Orc:1 |       0 |    1442 |   0.0 |       0 |       6 |   0.0 |   724
         Orc:2 |       0 |   19499 |   0.0 |       0 |     136 |   0.0 |  3276
         Elf:1 |       0 |   45810 |   0.0 |       0 |      69 |   0.0 |  1944
         Elf:2 |       0 |   30300 |   0.0 |       0 |      43 |   0.0 |  1505
         Elf:3 |       0 |   21747 |   0.0 |       0 |      25 |   0.0 |   662
         IceCv |       0 |    6422 |   0.0 |       0 |      54 |   0.0 |  2353
               +---------+---------+-------+---------+---------+-------+---------
